 Dungeon Crawl Stone Soup version 0.20-a0-331-g5b3579f (webtiles) character file.

6300 dondy the Carver (level 10, 0/75 HPs)
             Began as a Demonspawn Abyssal Knight on Dec 21, 2016.
             Was an Elder of Lugonu.
             Killed by divine providence
             ... invoked by an orc priest
              (13 damage)
             ... on level 10 of the Dungeon.
             The game lasted 00:37:40 (10776 turns).

dondy the Carver (Demonspawn Abyssal Knight)       Turns: 10776, Time: 00:37:41

Health: 0/75       AC: 10    Str: 16    XL:     10   Next: 63%
Magic:  8/16       EV: 11    Int: 13    God:    Lugonu [****..]
Gold:   479        SH:  7    Dex: 13    Spells: 9/9 levels left

rFire  + . .     SeeInvis .     Q - +3 scimitar (curse)
rCold  . . .     Gourm    .     M - +2 leather armour of Plasticity {rN++}
rNeg   + + +     Faith    .     x - +0 shield
rPois  .         Spirit   .     (no helmet)
rElec  .         Reflect  .     e - +0 cloak {+Inv}
rCorr  .         Harm     .     v - +1 pair of gloves
MR     ++++.     Clarity  +     (boots unavailable)
Stlth  +.........               j - amulet of the Four Winds {rN+ MR+++ Clar}
                                (no ring)
                                d - ring of protection from magic

@: drained
A: talons 3, rugged brown scales 1, fire resistance 1, powered by pain 1
a: Depart the Abyss, Bend Space, Banish, Corrupt, Renounce Religion, Evoke
Invisibility


You were on level 10 of the Dungeon.
You worshipped Lugonu.
Lugonu was greatly pleased with you.
You were hungry.

You visited 2 branches of the dungeon, and saw 11 of its levels.
You visited the Abyss 1 time.

You collected 479 gold pieces.

Inventory:

Hand Weapons
 Q - a cursed +3 scimitar (weapon)
Missiles
 h - 16 curare-tipped needles
Armour
 e - a +0 cloak of invisibility (worn)
 v - a +1 pair of gloves (worn)
 x - a +0 shield (worn)
 M - the +2 leather armour of Plasticity (worn) {rN++}
   (You found it on level 7 of the Dungeon)

   It greatly protects you from negative energy.
Jewellery
 d - a ring of protection from magic (left hand)
 j - the amulet of the Four Winds (around neck) {rN+ MR+++ Clar}
   (You found it on level 9 of the Dungeon)

   [amulet of nothing]

   It protects you from negative energy.
   It affects your resistance to hostile enchantments.
   It protects you against confusion.
 m - an uncursed amulet of harm
 R - an uncursed amulet of guardian spirit
Wands
 k - a wand of acid (0/15)
 r - a wand of slowing (3/48)
 G - a wand of confusion (3/48)
 K - a wand of lightning (0/15)
Scrolls
 a - a scroll of blinking
 f - a scroll of torment
 i - 3 scrolls of teleportation
 p - a scroll of magic mapping {unknown}
 w - 4 scrolls of enchant armour
 y - 4 scrolls of amnesia
 z - a scroll of fear {unknown}
 A - 2 scrolls of random uselessness {unknown}
 B - 4 scrolls of recharging
 D - 5 scrolls of remove curse
 I - 2 scrolls of fog
 N - a scroll of enchant weapon {unknown}
Potions
 b - 2 potions of magic
 l - 5 potions of curing
 n - a potion of lignification {unknown}
 t - 2 potions of resistance
 C - 2 potions of flight
 F - a potion of might
 T - a potion of haste {unknown}
Books
 g - a book of Enchantments

   Spells                             Type                      Level
   a - Cause Fear                     Hexes                        4
   b - Yara's Violent Unravelling     Hexes/Transmutation          5
   c - Silence                        Hexes/Air                    5
   d - Deflect Missiles               Charms/Air                   6
   e - Discord                        Hexes                        8
 s - a book of Geomancy

   Spells                             Type                      Level
   a - Sandblast                      Earth                        1
   b - Passwall                       Transmutation/Earth          2
   c - Stone Arrow                    Conjuration/Earth            3
   d - Petrify                        Transmutation/Earth          4
   e - Lee's Rapid Deconstruction     Earth                        5
 u - Mocis's Grimoire of Flamy Enchantment
   (You found it on level 6 of the Dungeon)

   Spells                             Type                      Level
   a - Flame Tongue                   Conjuration/Fire             1
   b - Confusing Touch                Hexes                        1
   c - Gell's Gravitas                Hexes/Translocation          3
   d - Sticky Flame                   Conjuration/Fire             4
   e - Bolt of Magma                  Conjuration/Fire/Earth       5
   f - Summon Mana Viper              Hexes/Summoning              5
 E - a book of Frost

   Spells                             Type                      Level
   a - Freeze                         Ice                          1
   b - Throw Frost                    Conjuration/Ice              2
   c - Ozocubu's Armour               Charms/Ice                   3
   d - Throw Icicle                   Conjuration/Ice              4
   e - Summon Ice Beast               Ice/Summoning                4
 J - a book of Conjurations

   Spells                             Type                      Level
   a - Magic Dart                     Conjuration                  1
   b - Searing Ray                    Conjuration                  2
   c - Dazzling Spray                 Conjuration/Hexes            3
   d - Fulminant Prism                Conjuration/Hexes            4
   e - Iskenderun's Mystic Blast      Conjuration                  4
   f - Iskenderun's Battlesphere      Conjuration/Charms           5
 S - a book of Party Tricks

   Spells                             Type                      Level
   a - Summon Butterflies             Summoning                    1
   b - Apportation                    Translocation                1
   c - Lesser Beckoning               Translocation                3
   d - Tukima's Dance                 Hexes                        3
   e - Alistair's Intoxication        Transmutation/Poison         5
   f - Invisibility                   Hexes                        6
Comestibles
 c - 9 bread rations
 q - 2 royal jellies
 H - 8 slices of pizza
 L - 3 meat rations
 O - 2 beef jerkies


   Skills:
 + Level 4.3(3.8) Fighting
 + Level 11.4(10.8) Long Blades
 - Level 5.0(4.5) Armour
 - Level 5.1(4.5) Dodging
 - Level 8.5(8.0) Invocations


You had 9 spell levels left.
You didn't know any spells.

Dungeon Overview and Level Annotations

Branches:
Dungeon (10/15)            Temple (1/1) D:4
   Lair: D:8-11         Orc: D:9-12

Altars:
Fedhas
Gozag
Hepliaklqana
Kikubaaqudgha
Makhleb
Qazlal
Uskayaw
Vehumet

Shops:
D:6 %   D:9 ?


Innate Abilities, Weirdness & Mutations

You have claws for feet.
You are partially covered in rugged brown scales. (AC +1, +3% HP)
Your flesh is heat resistant. (rF+)
You sometimes gain a little power by taking damage.


Message History

You block the two-headed ogre's attack.
The two-headed ogre hits you with a giant club!
* * * LOW HITPOINT WARNING * * *
Press: ? - help, Shift-Dir - straight line, f - two-headed ogre
Aim: a two-headed ogre, wielding two giant clubs (heavily wounded, chance to defeat MR: 71%)
The two-headed ogre is devoured by a tear in reality.
Lugonu claims a new guest.
Your base Fighting skill increases to level 4!
You feel somewhat more hungry.
Press: ? - help, Shift-Dir - straight line, f - orc warrior
Aim: an orc warrior, wielding a flail and wearing a chain mail (translocational energy, chance to defeat MR: 85%)
The orc warrior is devoured by a tear in reality.
Lugonu claims a new guest.
You are feeling hungry.
The orc wizard casts a cantrip, but nothing happens.
The orc wizard casts a spell at you. The puff of frost misses you.
The orc priest mumbles some strange prayers to Beogh against you.
Beogh smites you!
You die...

#...h..######.h.........
#......#.h..'...........
#......'.####h.......#.#
#......### #[..h....#..
####'### #........#..
#.## #........#.. #..#
#######+##.. ##.###
##.#### #.§@# #..#
#####§### ###+###
#...oo§.######.....#
#........o...#.....+
#.......####o'.....#
#.......# ###.....#
#.......# #.....#
######### #.....#
###O###


You could see an orc priest and an orc wizard.

Vanquished Creatures
  A two-headed ogre (D:9)
  Pikel (D:7)
  A yak (D:9)
  A human (D:9)
  3 hogs (D:9)
  Menkaure (D:4)
  2 water moccasins
  A sky beast (D:8)
  3 orc warriors
  A black bear (D:7)
  A hornet zombie (D:9)
  2 necrophages
  2 slaves (D:7)
  2 phantoms
  A centaur (D:7)
  2 ogres
  5 bullfrogs
  A water moccasin skeleton (D:6)
  7 scorpions
  4 wights (D:7)
  A howler monkey (D:4)
  3 crimson imps
  A bullfrog zombie (D:10)
  2 centaur zombies (D:5)
  A quasit (D:6)
  2 orc priests
  2 centaur skeletons
  3 hounds
  2 jellies (D:5)
  2 bullfrog skeletons
  2 iguanas
  Ijyb (D:3)
  9 orc wizards
  Natasha (thrice) (D:6)
  Terence (D:3)
  5 worker ants
  A killer bee zombie (D:9)
  A mummy (D:10)
  A howler monkey zombie (D:10)
  A howler monkey skeleton (D:6)
  A worker ant zombie (D:10)
  4 gnolls (D:4)
  10 adders
  A shadow imp (D:7)
  3 oozes
  3 worms
  13 dart slugs
  7 leopard geckos
  22 orcs
  A giant cockroach (D:3)
  9 hobgoblins
  2 jackals (D:4)
  4 quokkas
  2 ball pythons
  6 bats
  3 frilled lizards
  8 goblins
  11 kobolds
  A quokka skeleton (D:5)
  10 rats
207 creatures vanquished.

Vanquished Creatures (others)
  A two-headed ogre (D:10)
  The ghost of RogueShenanigans the Chopper, a novice MiFi of Makhleb (D:5)
  An orc warrior (D:10)
  A slave (D:7)
  An orc (D:7)
  18 fungi (D:10)
23 creatures vanquished.

Grand Total: 230 creatures vanquished

Notes
Turn   | Place    | Note
-------+----------+-------------------------------------------
     0 | Abyss:1  | dondy the Demonspawn Abyssal Knight began the quest for the Orb.
     0 | Abyss:1  | Reached XP level 1. HP: 18/18 MP: 2/2
    40 | Abyss:2  | Found a corrupted altar of Lugonu.
    65 | Abyss:2  | Noticed a large abomination
    67 | D:1      | Escaped the Abyss
   145 | D:1      | Reached skill level 2 in Long Blades
   287 | D:1      | Gained mutation: You have sharp toenails. [demonic ancestry]
   287 | D:1      | Reached XP level 2. HP: 21/24 MP: 3/3
   414 | D:1      | Reached * piety under Lugonu
   776 | D:2      | Found an opulent altar of Gozag.
   794 | D:2      | Reached skill level 3 in Long Blades
   794 | D:2      | Reached XP level 3. HP: 22/29 MP: 4/4
  1490 | D:2      | Reached XP level 4. HP: 29/35 MP: 5/5
  1728 | D:3      | Noticed a phantom
  1731 | D:3      | Reached ** piety under Lugonu
  1731 | D:3      | Reached skill level 4 in Long Blades
  1768 | D:3      | Killed a phantom
  1768 | D:3      | Gained mutation: You sometimes gain a little power by taking damage. [demonic ancestry]
  1768 | D:3      | Reached XP level 5. HP: 21/41 MP: 6/6
  1939 | D:3      | Noticed Natasha
  1973 | D:3      | Noticed Terence
  1991 | D:3      | Killed Terence
  1991 | D:3      | Reached skill level 5 in Long Blades
  2625 | D:3      | Found a stormy altar of Qazlal.
  2877 | D:3      | Noticed Ijyb
  2897 | D:3      | Killed Ijyb
  2897 | D:3      | Gained mutation: You have razor-sharp toenails. [demonic ancestry]
  2897 | D:3      | Reached XP level 6. HP: 45/47 MP: 7/7
  3037 | D:4      | Reached skill level 6 in Long Blades
  3292 | D:4      | Reached *** piety under Lugonu
  3352 | D:4      | Reached skill level 7 in Long Blades
  3352 | D:4      | Gained mutation: Your flesh is heat resistant. (rF+) [demonic ancestry]
  3352 | D:4      | Reached XP level 7. HP: 31/52 MP: 7/9
  3786 | D:4      | Found a staircase to the Ecumenical Temple.
  3801 | Temple   | Entered the Ecumenical Temple
  3902 | D:4      | Noticed Menkaure
  4423 | D:4      | Killed Menkaure
  4690 | D:5      | Entered Level 5 of the Dungeon
  4692 | D:5      | Reached skill level 8 in Long Blades
  4692 | D:5      | Reached skill level 5 in Invocations
  4743 | D:5      | Gained mutation: You have claws for feet. [demonic ancestry]
  4743 | D:5      | Reached XP level 8. HP: 58/58 MP: 11/11
  4749 | D:5      | Found a hide-covered altar of Uskayaw.
  4934 | D:5      | Noticed RogueShenanigans's ghost (novice MiFi)
  4939 | D:5      | Banished RogueShenanigans's ghost
  5265 | D:5      | Reached skill level 9 in Long Blades
  5495 | D:6      | Identified Mocis's Grimoire of Flamy Enchantment
  5785 | D:6      | Found Fumav's Food Shop.
  5911 | D:6      | Killed Natasha
  6098 | D:6      | Noticed Natasha
  6114 | D:6      | Killed Natasha
  6123 | D:6      | Gained mutation: You are partially covered in rugged brown scales. (AC +1, +3% HP) [demonic ancestry]
  6123 | D:6      | Reached XP level 9. HP: 43/64 MP: 14/14
  6168 | D:6      | Noticed Natasha
  6180 | D:6      | Killed Natasha
  6640 | D:7      | Reached skill level 10 in Long Blades
  6701 | D:7      | Found a blossoming altar of Fedhas.
  6757 | D:7      | Reached skill level 1 in Dodging
  7036 | D:7      | Noticed Pikel
  7106 | D:7      | Killed Pikel
  7106 | D:7      | Reached **** piety under Lugonu
  7549 | D:7      | Got a pitted leather armour
  7917 | D:8      | Identified the +2 leather armour of Plasticity {rN++} (You found it on level 7 of the Dungeon)
  7919 | D:8      | Found an ancient bone altar of Kikubaaqudgha.
  8901 | D:9      | Noticed a two-headed ogre
  8927 | D:9      | Reached XP level 10. HP: 19/71 MP: 16/16
  9327 | D:9      | Found Riororph's Magic Scroll Boutique.
  9413 | D:9      | Killed a two-headed ogre
  9605 | D:9      | Found a hazy altar of Hepliaklqana.
  9757 | D:9      | Reached skill level 5 in Armour
  9762 | D:9      | Reached skill level 11 in Long Blades
  9937 | D:9      | Reached skill level 5 in Dodging
 10133 | D:9      | Found a burning altar of Makhleb.
 10333 | D:10     | Entered Level 10 of the Dungeon
 10749 | D:10     | Noticed a two-headed ogre
 10775 | D:10     | Banished a two-headed ogre
 10776 | D:10     | Killed from afar by an orc priest

Vault maps used:
D:1:      lightli_arrival_maybe_door_vault
D:2:      grunt_gozag_statues
D:3:      lemuel_crystal_altar, serial_park_tiny_1, uniq_natasha, uniq_terence,
          uniq_iyjb
D:4:      kennysheep_slugbush, first_bread, minmay_misc_feat_five, uniq_menkaure
D:5:      basic_altar
D:6:      serial_shops, shop
D:7:      fedhas_bush_and_centaur_altar, uniq_pikel
D:8:      overflow_temple_1_default
D:9:      nicolae_overflow_hidden_temple, serial_shops, shop, basic_altar,
          grunt_livestock, grunt_decor_fettered
D:10:     due_lair_maze_entry_diamond, minmay_orc_entry_guard_dogs,
          serial_undead, serial_undead_f, serial_undead_e, serial_undead_a,
          serial_undead_b
Temple:   nicolae_temple_elliptical

Skill      XL: |  1  2  3  4  5  6  7  8  9 10 |
---------------+-------------------------------+-----
Long Blades    | 2 3 4 5 7 8 9 10 11 | 11.4
Invocations    | 5 7 8 |  8.5
Armour         | 4 5 |  5.0
Dodging        | 3 5 |  5.1
Fighting       | 4 |  4.3

Action                   |  1- 3 |  4- 6 |  7- 9 | 10-12 || total
-------------------------+-------+-------+-------+-------++-------
Melee: Falchion          |   135 |   183 |   451 |       ||   769
       Kick              |    23 |    21 |   139 |    39 ||   222
       Scimitar          |       |       |    83 |   122 ||   205
Invok: Depart the Abyss  |     1 |       |       |       ||     1
       Banish            |       |       |     3 |     2 ||     5
Evoke: Wand              |       |     3 |     2 |    11 ||    16
  Use: Potion            |       |     3 |       |     1 ||     4
       Scroll            |       |       |    11 |     1 ||    12
 Stab: Sleeping          |     1 |       |     1 |       ||     2
  Eat: Chunk             |     2 |     5 |    15 |     4 ||    26
       Fruit             |       |     1 |       |       ||     1
       Meat ration       |       |       |     1 |       ||     1
       Beef jerky        |       |       |       |     1 ||     1
Armor: Ring mail         |    53 |    56 |   170 |       ||   279
       Leather armour    |       |       |    21 |    24 ||    45
Dodge: Dodged            |    82 |    63 |   124 |    48 ||   317
Block: Shield            |       |    21 |   138 |    38 ||   197
       Rpst.: Falchion   |    16 |    14 |    30 |       ||    60
       Scimitar          |       |       |     8 |    16 ||    24
